[Event "ICC tourney 2967 (30 10)"]
[Site "Internet Chess Club"]
[Date "2022.07.23"]
[Round "1"]
[White "Nguyen, Hoa Duc:leoman"]
[Black "DUBE, DANIEL:betterone76"]
[Result "1-0"]
[ICCResult "Black resigns"]
[WhiteElo "2475"]
[BlackElo "1850"]
[Opening "Caro-Kann: Tartakower (Nimzovich) variation"]
[ECO "B15"]
[NIC "CK.06"]
[Time "12:00:20"]
[PlyCount "33"]
[TimeControl "1800+10"]

1. e4 c6 2. d4 d5 3. Nc3 dxe4 4. Nxe4 Nf6 5. Nxf6+ exf6 6. c3 Bf5 7. Qb3 Qd7
8. Bf4 Be6 9. Qc2 Bf5 10. Bd3 Bxd3 11. Qxd3 Bd6 12. Ne2 O-O 13. O-O Bxf4 14.
Nxf4 Qd6 15. g3 Na6 16. Rfe1 Nc5 17. dxc5 {Black resigns} 1-0

[Event "ICC tourney 2967 (30 10)"]
[Site "Internet Chess Club"]
[Date "2022.07.23"]
[Round "1"]
[White "Volkov, Sergey:Volkov"]
[Black "Li, Alex:AlexLi31415"]
[Result "1-0"]
[ICCResult "Black resigns"]
[WhiteElo "2540"]
[BlackElo "1870"]
[Opening "Queen's pawn game"]
[ECO "E20"]
[NIC "QP.07"]
[Time "12:00:12"]
[PlyCount "43"]
[TimeControl "1800+10"]

1. d4 Nf6 2. c4 e6 3. Nc3 g6 4. e4 d6 5. Nf3 Bg7 6. Be2 Nbd7 7. e5 dxe5 8.
dxe5 Ng8 9. Bf4 Ne7 10. Qd2 O-O 11. O-O-O Qe8 12. Nb5 Qd8 13. Bg5 a6 14.
Nxc7 Qxc7 15. Bxe7 Nxe5 16. Bxf8 Nxc4 17. Qd8 Bxb2+ 18. Kb1 Qxd8 19. Rxd8
Bf6 20. Be7+ Kg7 21. Bxf6+ Kxf6 22. Bxc4 {Black resigns} 1-0

[Event "ICC tourney 2967 (30 10)"]
[Site "Internet Chess Club"]
[Date "2022.07.23"]
[Round "1"]
[White "S.M, UMER:uncrackable"]
[Black "Mitrabha, Guha:babysnake"]
[Result "0-1"]
[ICCResult "White resigns"]
[WhiteElo "1812"]
[BlackElo "2468"]
[Opening "Old Benoni defense"]
[ECO "A46"]
[NIC "QP.06"]
[Time "12:05:09"]
[PlyCount "80"]
[TimeControl "1800+10"]

1. d4 Nf6 2. Nf3 c5 3. d5 b5 4. e4 Nxe4 5. Bd3 Nf6 6. Bxb5 g6 7. O-O Bg7 8.
Re1 O-O 9. Nc3 d6 10. h3 Bb7 11. a4 Na6 12. a5 Rb8 13. Qe2 Nc7 14. Qxe7 Qxe7
15. Rxe7 Nfxd5 16. Nxd5 Nxd5 17. Re1 Nb4 18. Ba4 Ba6 19. Rd1 d5 20. c3 Nd3
21. Ra2 Bc4 22. b3 Nxc1 23. Rxc1 Bxb3 24. Bxb3 Rxb3 25. Rd1 Rd8 26. Rad2
Bxc3 27. Rxd5 Rxd5 28. Rxd5 Bxa5 29. Rxc5 Bb6 30. Rc8+ Kg7 31. Ne1 Rb1 32.
Kf1 Ba5 33. Re8 Bb4 34. f3 a5 35. Kf2 Rxe1 36. Rxe1 Bxe1+ 37. Kxe1 Kf6 38.
Kd2 Ke5 39. g3 Kd4 40. h4 a4 {White resigns} 0-1

[Event "ICC tourney 2967 (30 10)"]
[Site "Internet Chess Club"]
[Date "2022.07.23"]
[Round "1"]
[White "LEE, JUSTIN:SMJ07"]
[Black "SARAFUDINOV, ANDREY:whyyoutrysohard"]
[Result "1-0"]
[ICCResult "Black resigns"]
[WhiteElo "1984"]
[BlackElo "1507"]
[Opening "QGA: classical variation, 6.O-O"]
[ECO "D26"]
[NIC "QG.08"]
[Time "12:09:48"]
[PlyCount "39"]
[TimeControl "1800+10"]

1. d4 d5 2. c4 dxc4 3. Nf3 Nf6 4. e3 e6 5. Bxc4 c5 6. O-O Be7 7. Nc3 O-O 8.
e4 cxd4 9. Nxd4 a6 10. e5 Nfd7 11. Re1 Qc7 12. Bb3 Nxe5 13. Bf4 Nbd7 14.
Bxe6 fxe6 15. Nxe6 Qa5 16. Nxf8 Bxf8 17. Nd5 Ng6 18. Qb3 Kh8 19. Re8 Nxf4
20. Ne7 {Black resigns} 1-0

[Event "ICC tourney 2967 (30 10)"]
[Site "Internet Chess Club"]
[Date "2022.07.23"]
[Round "1"]
[White "TAO, SIHAN:K06-16931716"]
[Black "MAMMADOV, ZAUR:zaur94"]
[Result "1/2-1/2"]
[ICCResult "Game drawn by repetition"]
[WhiteElo "1894"]
[BlackElo "2552"]
[Opening "Caro-Kann: Tartakower (Nimzovich) variation"]
[ECO "B15"]
[NIC "CK.06"]
[Time "12:00:17"]
[PlyCount "114"]
[TimeControl "1800+10"]

1. e4 c6 2. d4 d5 3. Nc3 dxe4 4. Nxe4 Nf6 5. Nxf6+ exf6 6. c3 Bd6 7. Bd3 Na6
8. Ne2 Nc7 9. Bf4 Bg4 10. Qd2 O-O 11. O-O Re8 12. Ng3 Nd5 13. Bxd6 Qxd6 14.
Nf5 Bxf5 15. Bxf5 g6 16. Bc2 Re7 17. Rfe1 Rae8 18. g3 Kg7 19. Rxe7 Qxe7 20.
Kf1 Nb6 21. Re1 Nc4 22. Qc1 Qxe1+ 23. Qxe1 Rxe1+ 24. Kxe1 Nxb2 25. Bb3 Nd3+
26. Kf1 a5 27. Bc2 Nb2 28. Bb3 Kf8 29. Ke2 Ke7 30. Kd2 b5 31. Kc2 Nc4 32.
Bxc4 bxc4 33. a4 Ke6 34. Kd2 Kf5 35. f3 g5 36. h3 h5 37. Ke3 Ke6 38. Kd2 f5
39. Ke3 Kd5 40. f4 g4 41. h4 c5 42. dxc5 Kxc5 43. Kd2 Kc6 44. Ke2 Kd6 45.
Kd2 Kc5 46. Ke2 Kd5 47. Ke3 f6 48. Kd2 Ke4 49. Ke2 Kd5 50. Ke3 Kc5 51. Kd2
Kd6 52. Ke2 Kd5 53. Ke3 Kc5 54. Kd2 Kd5 55. Ke3 Kc5 56. Kd2 Kd5 57. Ke3 Kc5
{Game drawn by repetition}
1/2-1/2

[Event "ICC tourney 2967 (30 10)"]
[Site "Internet Chess Club"]
[Date "2022.07.23"]
[Round "1"]
[White "GUSEINOV, GADIR:GGuseinov"]
[Black "YAN, BENJAMIN:i2good4u734"]
[Result "1-0"]
[ICCResult "Black resigns"]
[WhiteElo "2718"]
[BlackElo "1967"]
[Opening "Ruy Lopez: exchange, Gligoric variation"]
[ECO "C69"]
[NIC "RL.08"]
[Time "12:00:14"]
[PlyCount "95"]
[TimeControl "1800+10"]

1. e4 e5 2. Nf3 Nc6 3. Bb5 a6 4. Bxc6 dxc6 5. O-O f6 6. d4 exd4 7. Nxd4 c5
8. Nb3 Qxd1 9. Rxd1 Bd7 10. Bf4 O-O-O 11. Nc3 Re8 12. Nd5 Rxe4 13. Bxc7 Ne7
14. Nc3 Rd4 15. Bb6 Rxd1+ 16. Rxd1 Nc6 17. Nxc5 Bxc5 18. Bxc5 Bf5 19. Nd5
Bxc2 20. Rd2 Rd8 21. Be7 Rxd5 22. Rxd5 Be4 23. Rc5 Kd7 24. Bf8 g6 25. Rc1
Bd5 26. a3 Na5 27. Bb4 Nc4 28. Bc3 Ke6 29. Re1+ Kf7 30. f3 Be6 31. Kf2 b5
32. Rd1 a5 33. Rd4 b4 34. axb4 axb4 35. Bxb4 Nxb2 36. Rd8 Nc4 37. Bc3 Kg7
38. g4 Kf7 39. Ra8 Nb6 40. Rh8 Kg7 41. Rd8 Nd5 42. Bd4 Kf7 43. h4 Nb4 44.
Rh8 Kg7 45. Rb8 Nc6 46. Rb7+ Kg8 47. Bxf6 Bf7 48. Rc7 {Black resigns} 1-0

[Event "ICC tourney 2967 (30 10)"]
[Site "Internet Chess Club"]
[Date "2022.07.23"]
[Round "1"]
[White "Turcotte, Jonathan:JonnyTurgi"]
[Black "ARUTLA, ADITYA:adiaru27"]
[Result "1-0"]
[ICCResult "Black checkmated"]
[WhiteElo "2100"]
[BlackElo "1747"]
[Opening "QGD semi-Slav: anti-Meran, Lilienthal variation"]
[ECO "D44"]
[NIC "SL.07"]
[Time "12:00:20"]
[PlyCount "87"]
[TimeControl "1800+10"]

1. d4 d5 2. c4 c6 3. Nf3 Nf6 4. Nc3 e6 5. Bg5 dxc4 6. e4 b5 7. e5 h6 8. Bh4
g5 9. Nxg5 hxg5 10. Bxg5 Nbd7 11. g3 Bb7 12. Bg2 Qb6 13. exf6 O-O-O 14. O-O
c5 15. dxc5 Nxc5 16. Qe2 Bxg2 17. Kxg2 Qc6+ 18. f3 Nd3 19. a4 b4 20. Ne4 Bh6
21. Bxh6 Rxh6 22. Qe3 Rdh8 23. h4 Rg6 24. Rh1 Rh5 25. b3 Re5 26. bxc4 Qxc4
27. Rac1 Nxc1 28. Rxc1 Qxc1 29. Qxc1+ Kd7 30. Qd2+ Rd5 31. Qxb4 Kc6 32. Qe7
Rd7 33. Qc5+ Kb7 34. Nd6+ Rxd6 35. Qxd6 Rxf6 36. Qe7+ Kc6 37. Qxf6 Kd5 38.
h5 Kc4 39. h6 a5 40. h7 Kb4 41. h8=Q Kxa4 42. Qd4+ Kb5 43. Qe8+ Ka6 44. Qc6#
{Black checkmated}
1-0

[Event "ICC tourney 2967 (30 10)"]
[Site "Internet Chess Club"]
[Date "2022.07.23"]
[Round "1"]
[White "DAS, ROHAN:caracal"]
[Black "HEBDEN, MARK L:mhebden"]
[Result "0-1"]
[ICCResult "White resigns"]
[WhiteElo "1860"]
[BlackElo "2519"]
[Opening "King's Indian: orthodox variation"]
[ECO "E94"]
[NIC "KI.15"]
[Time "12:00:16"]
[PlyCount "70"]
[TimeControl "1800+10"]

1. d4 Nf6 2. c4 g6 3. Nc3 Bg7 4. e4 d6 5. Nf3 O-O 6. Be2 e5 7. O-O Na6 8. h3
exd4 9. Nxd4 Re8 10. f3 Nh5 11. Be3 Nc5 12. b4 Ne6 13. Nxe6 Bxe6 14. Bd4 Be5
15. Nd5 c6 16. Bxe5 dxe5 17. Ne3 Qg5 18. Ng4 Nf4 19. g3 Nxh3+ 20. Kg2 Rad8
21. Qe1 h5 22. Kxh3 hxg4+ 23. fxg4 Rd2 24. Rf2 Qe3 25. Kg2 Qxe4+ 26. Kg1 Qe3
27. Kf1 Red8 28. Rd1 Rxd1 29. Bxd1 Bxc4+ 30. Be2 Bxe2+ 31. Rxe2 Qf3+ 32. Kg1
Qxg4 33. Kh2 Rd5 34. Re4 Qf3 35. Rh4 Rd1 {White resigns} 0-1

[Event "ICC tourney 2967 (30 10)"]
[Site "Internet Chess Club"]
[Date "2022.07.23"]
[Round "1"]
[White "LOCHAM, DIVJOT SINGH:winner08"]
[Black "SHEEHAN, ETHAN THOMAS:Chessking2008"]
[Result "0-1"]
[ICCResult "White resigns"]
[WhiteElo "1750"]
[BlackElo "2255"]
[Opening "Caro-Kann: classical variation"]
[ECO "B18"]
[NIC "CK.10"]
[Time "12:02:00"]
[PlyCount "100"]
[TimeControl "1800+10"]

1. e4 c6 2. d4 d5 3. Nc3 dxe4 4. Nxe4 Bf5 5. Ng3 Bg6 6. N1e2 h6 7. Nf4 Bh7
8. Bc4 Nf6 9. O-O e6 10. Re1 Be7 11. Bxe6 fxe6 12. Nxe6 Qd7 13. Nh5 Kf7 14.
Qe2 Nxh5 15. Qxh5+ Bg6 16. Qf3+ Kg8 17. Qg3 Kh7 18. h4 Rg8 19. Bf4 Na6 20.
c3 Bf5 21. Qe3 Bxe6 22. Qxe6 Qxe6 23. Rxe6 Bxh4 24. g3 Bf6 25. Rae1 Kg6 26.
Be5 Rge8 27. Bxf6 Rxe6 28. Rxe6 gxf6 29. Re7 b6 30. Re6 Rc8 31. g4 Kf7 32.
Re3 Re8 33. Rh3 Kg6 34. Kf1 Nc7 35. c4 Ne6 36. d5 cxd5 37. cxd5 Nf4 38. Ra3
a5 39. Rb3 Nxd5 40. Rb5 Re5 41. Rb3 Kg5 42. Rg3 Nf4 43. Rb3 b5 44. Ra3 b4
45. Rg3 Ne2 46. Rh3 Nf4 47. Rg3 Rc5 48. Ke1 Rc2 49. Rb3 a4 50. Re3 Ng2+
{White resigns}
0-1

[Event "ICC tourney 2967 (30 10)"]
[Site "Internet Chess Club"]
[Date "2022.07.23"]
[Round "1"]
[White "LIU, ERIC CHANG:el008"]
[Black "PARAGUA, MEGAN ALTHEA:PrincessOfChess"]
[Result "1-0"]
[ICCResult "Black resigns"]
[WhiteElo "2037"]
[BlackElo "1697"]
[Opening "Sicilian: Najdorf"]
[ECO "B90"]
[NIC "SI.14"]
[Time "12:00:40"]
[PlyCount "93"]
[TimeControl "1800+10"]

1. e4 c5 2. Nf3 d6 3. d4 cxd4 4. Nxd4 Nf6 5. Nc3 a6 6. f3 e5 7. Nb3 Be6 8.
Be3 Be7 9. Qd2 O-O 10. O-O-O Nbd7 11. g4 b5 12. Nd5 Bxd5 13. exd5 Nb6 14.
Na5 Nfxd5 15. Nc6 Qc7 16. Nxe7+ Qxe7 17. Bxb6 Nxb6 18. Qxd6 Qg5+ 19. Qd2 Qf6
20. g5 Qe7 21. Bd3 Rfd8 22. h4 Nd5 23. Be4 Nf4 24. Qa5 Rac8 25. Qxa6 Qc5 26.
Kb1 Ne2 27. Qa5 Re8 28. Rd5 Qe7 29. Rhd1 g6 30. Rd7 Qc5 31. Qa7 Qxa7 32.
Rxa7 Nd4 33. c3 Ne6 34. Rdd7 Rf8 35. Bd5 Nd8 36. Re7 Rc5 37. Rad7 Kg7 38. a3
h6 39. Kc2 hxg5 40. hxg5 Rxd5 41. Rxd5 Rh8 42. Rdd7 Rf8 43. Rxe5 Kg8 44.
Rxb5 Ne6 45. a4 Ra8 46. a5 Ra6 47. b4 {Black resigns} 1-0

[Event "ICC tourney 2967 (30 10)"]
[Site "Internet Chess Club"]
[Date "2022.07.23"]
[Round "1"]
[White "IVANOV, ALEXANDER:marble"]
[Black "WU, JAYDEN:SparkyNinja"]
[Result "1-0"]
[ICCResult "Black resigns"]
[WhiteElo "2354"]
[BlackElo "1785"]
[Opening "Sicilian"]
[ECO "B50"]
[NIC "SI.01"]
[Time "12:00:41"]
[PlyCount "95"]
[TimeControl "1800+10"]

1. e4 c5 2. Nf3 d6 3. c3 Nf6 4. Bd3 Nc6 5. Bc2 Bg4 6. d3 e6 7. Nbd2 Be7 8.
h3 Bh5 9. Nf1 d5 10. Ng3 Bg6 11. Nh4 dxe4 12. Nxg6 hxg6 13. dxe4 Qxd1+ 14.
Kxd1 O-O-O+ 15. Ke2 Nd7 16. f4 Nb6 17. e5 Nd5 18. Ne4 f5 19. exf6 gxf6 20.
Bd2 f5 21. Ng5 Bxg5 22. fxg5 e5 23. g4 e4 24. gxf5 gxf5 25. Raf1 Nde7 26.
Bb3 Rd3 27. Be6+ Kc7 28. Bxf5 Nxf5 29. Rxf5 Rhxh3 30. Rxh3 Rxh3 31. Bf4+ Kb6
32. g6 Rh8 33. Bd6 Rg8 34. Rg5 Nd8 35. Bxc5+ Kc6 36. Be3 Ne6 37. Rg4 b6 38.
Bd4 Kd5 39. Ke3 Nf8 40. g7 Ne6 41. a4 Nc5 42. Rg5+ Kd6 43. Bxc5+ bxc5 44.
Kxe4 Ke6 45. Kd3 Kf6 46. Rg2 Ke6 47. Kc4 Kd6 48. Rg6+ {Black resigns} 1-0

[Event "ICC tourney 2967 (30 10)"]
[Site "Internet Chess Club"]
[Date "2022.07.23"]
[Round "1"]
[White "QI, JENNY:eevee11"]
[Black "PANG, ASHLEY:redhawk2020"]
[Result "1-0"]
[ICCResult "Black forfeits on time"]
[WhiteElo "1466"]
[BlackElo "1984"]
[Opening "Petrov: Nimzovich attack"]
[ECO "C42"]
[NIC "RG.03"]
[Time "12:00:19"]
[PlyCount "95"]
[TimeControl "1800+10"]

1. e4 e5 2. Nf3 Nf6 3. Nxe5 d6 4. Nf3 Nxe4 5. Nc3 Nxc3 6. dxc3 Be7 7. Bd3
O-O 8. O-O Nd7 9. Bd2 Nc5 10. h3 b6 11. Nd4 Nxd3 12. cxd3 Bb7 13. Qa4 Bg5
14. Bxg5 Qxg5 15. Nc6 b5 16. Qe4 Kh8 17. d4 Rae8 18. Qf3 Re6 19. d5 Bxc6 20.
dxc6 Rf6 21. Qd3 Qc5 22. Qd4 Qxc6 23. Qxa7 Rg6 24. g3 Ra8 25. Qe3 Re6 26.
Qd2 Qc4 27. b3 Qc5 28. Rfe1 Rg6 29. Qe3 Qc6 30. Qe4 d5 31. Qd3 Rf6 32. Rad1
h6 33. Qxd5 Rxa2 34. Qxc6 Rxc6 35. Rd5 Rxc3 36. Rxb5 Rcc2 37. Rf1 Rab2 38.
Rf5 f6 39. Rf3 Kg8 40. Re1 Kf7 41. Ree3 g5 42. Rc3 h5 43. Rxc2 Rxc2 44. Kf1
Ke6 45. Rd3 c5 46. Ke1 Ke5 47. Rd2 Rxd2 48. Kxd2 {Black forfeits on time}
1-0

[Event "ICC tourney 2967 (30 10)"]
[Site "Internet Chess Club"]
[Date "2022.07.23"]
[Round "1"]
[White "GU, CRYSTAL JIUZHOU:fantasymoon"]
[Black "LIANG, YU-CHENG:Yucheng"]
[Result "0-1"]
[ICCResult "White resigns"]
[WhiteElo "1739"]
[BlackElo "2038"]
[Opening "Bogo-Indian defense, Grünfeld variation"]
[ECO "E11"]
[NIC "QI.01"]
[Time "12:00:19"]
[PlyCount "136"]
[TimeControl "1800+10"]

1. d4 Nf6 2. c4 e6 3. Nf3 Bb4+ 4. Nbd2 O-O 5. g3 b6 6. Bg2 Bb7 7. O-O d5 8.
b3 Nbd7 9. Qc2 Rc8 10. Rd1 c5 11. Bb2 Qe7 12. Rac1 dxc4 13. bxc4 cxd4 14.
Nxd4 Bxg2 15. Kxg2 Rfd8 16. Ne4 Nxe4 17. Qxe4 Nf6 18. Qf3 Qc7 19. Nb5 Qe7
20. Bxf6 gxf6 21. Nd4 Rd6 22. e3 Qd8 23. Nb5 Rxd1 24. Rxd1 Qe7 25. Rd4 f5
26. Rh4 Bc5 27. Qh5 f6 28. e4 fxe4 29. Rg4+ Kh8 30. Rxe4 f5 31. Rh4 Qg7 32.
Qh6 Qxh6 33. Rxh6 a6 34. Nc3 Rc6 35. Rh4 Be7 36. Rd4 Bf6 37. Rd3 Rxc4 38.
Ne2 Rc6 39. Nf4 e5 40. Nd5 Rd6 41. Nb4 Rxd3 42. Nxd3 a5 43. f3 Kg7 44. Kf2
Kf7 45. a4 Ke6 46. Ke3 Kd5 47. f4 e4 48. Nc1 Kc4 49. g4 Bd4+ 50. Ke2 fxg4
51. f5 Kd5 52. Nb3 Bg1 53. Nd2 Bxh2 54. f6 Ke6 55. Nxe4 Be5 56. Ng5+ Kxf6
57. Nxh7+ Ke6 58. Ng5+ Kd5 59. Nf7 Bc7 60. Kd3 g3 61. Ke3 Kc4 62. Ng5 Kb4
63. Ne4 Kxa4 64. Kf3 Kb3 65. Nd2+ Kb4 66. Nb1 a4 67. Kg2 a3 68. Nxa3 Kxa3
{White resigns}
0-1

[Event "ICC tourney 2967 (30 10)"]
[Site "Internet Chess Club"]
[Date "2022.07.23"]
[Round "2"]
[White "DUBE, DANIEL:betterone76"]
[Black "GU, CRYSTAL JIUZHOU:fantasymoon"]
[Result "0-1"]
[ICCResult "White resigns"]
[WhiteElo "1850"]
[BlackElo "1739"]
[Opening "Queen's pawn game, Darooha variation "]
[ECO "D02"]
[NIC "QP.08"]
[Time "14:00:23"]
[PlyCount "50"]
[TimeControl "1800+10"]

1. d4 d5 2. Nf3 Nf6 3. g3 c6 4. Bg2 e6 5. O-O Bd6 6. b3 O-O 7. Ba3 Bxa3 8.
Nxa3 b6 9. c4 Bb7 10. cxd5 exd5 11. Rc1 Qe7 12. Ne5 Qxa3 13. f3 Qd6 14. e4
Nbd7 15. Nxc6 Bxc6 16. e5 Qe6 17. exf6 Nxf6 18. Re1 Qd6 19. Re5 Bb7 20. g4
Rac8 21. Rxc8 Rxc8 22. g5 Nd7 23. Re2 Qf4 24. Re7 Rc1 25. Re8+ Nf8
{White resigns}
0-1

[Event "ICC tourney 2967 (30 10)"]
[Site "Internet Chess Club"]
[Date "2022.07.23"]
[Round "2"]
[White "Turcotte, Jonathan:JonnyTurgi"]
[Black "Volkov, Sergey:Volkov"]
[Result "0-1"]
[ICCResult "White resigns"]
[WhiteElo "2100"]
[BlackElo "2540"]
[Opening "Queen's gambit declined"]
[ECO "D30"]
[NIC "QP.08"]
[Time "14:00:14"]
[PlyCount "88"]
[TimeControl "1800+10"]

1. d4 d5 2. c4 e6 3. Nf3 c6 4. Bg5 Nf6 5. e3 Qa5+ 6. Nc3 Ne4 7. Bh4 Bb4 8.
Nd2 Nxc3 9. bxc3 Bxc3 10. Rc1 Nd7 11. Bd3 dxc4 12. Bxc4 Nf6 13. Bxf6 Bxd2+
14. Qxd2 Qxd2+ 15. Kxd2 gxf6 16. Rc2 Rg8 17. g3 Rg5 18. h4 Ra5 19. Bd3 h6
20. Rb1 Kd8 21. Rbb2 Kc7 22. Be4 Bd7 23. Rc3 Rd8 24. Ke2 Bc8 25. Rbc2 Rd6
26. Rc5 Rxc5 27. Rxc5 f5 28. Bf3 b6 29. Rc2 Ba6+ 30. Ke1 Bd3 31. Rc3 Be4 32.
Bh5 Rd7 33. a4 a5 34. Be2 Kb7 35. f3 Bd5 36. Kf2 Rc7 37. Bd3 c5 38. e4 fxe4
39. fxe4 Bc6 40. dxc5 Bxa4 41. Ra3 b5 42. Ke3 Rxc5 43. Kd4 Kb6 44. e5 Bc2
{White resigns}
0-1

[Event "ICC tourney 2967 (30 10)"]
[Site "Internet Chess Club"]
[Date "2022.07.23"]
[Round "2"]
[White "MAMMADOV, ZAUR:zaur94"]
[Black "QI, JENNY:eevee11"]
[Result "1-0"]
[ICCResult "Black checkmated"]
[WhiteElo "2552"]
[BlackElo "1466"]
[Opening "Scandinavian: Icelandic gambit"]
[ECO "B01"]
[NIC "SD.03"]
[Time "14:00:20"]
[PlyCount "121"]
[TimeControl "1800+10"]

1. e4 d5 2. exd5 Nf6 3. c4 e6 4. Nc3 exd5 5. d4 dxc4 6. Bxc4 Be7 7. Nf3 O-O
8. h3 Nbd7 9. O-O Nb6 10. Bb3 Nbd5 11. Re1 Re8 12. Bg5 h6 13. Bxf6 Nxf6 14.
Ne5 Be6 15. d5 Bf5 16. d6 Qxd6 17. Bxf7+ Kh7 18. Bxe8 Rxe8 19. Qf3 Bc8 20.
Rad1 Qb6 21. Qd3+ Kg8 22. Nc4 Qc6 23. Nd5 Nxd5 24. Qxd5+ Qxd5 25. Rxd5 Kf7
26. Rde5 Bd7 27. Ra5 Bb4 28. Rxe8 Bxa5 29. Rd8 Ke7 30. Rxd7+ Kxd7 31. Nxa5
b6 32. Nb3 a6 33. f4 Ke6 34. Kf2 Kd5 35. Ke3 c5 36. g4 g6 37. Nd2 g5 38.
fxg5 hxg5 39. Nf3 Ke6 40. Nxg5+ Kf6 41. Kf4 c4 42. Ne4+ Kg6 43. h4 b5 44.
h5+ Kh6 45. a3 a5 46. Nd6 b4 47. Nxc4 bxa3 48. bxa3 a4 49. Nb2 Kh7 50. Nxa4
Kg7 51. Nc5 Kf6 52. a4 Kg7 53. a5 Kf7 54. a6 Ke7 55. Ke5 Kf7 56. a7 Kg7 57.
g5 Kh7 58. a8=Q Kg7 59. Qb7+ Kh8 60. Kf6 Kg8 61. Qg7# {Black checkmated} 1-0

[Event "ICC tourney 2967 (30 10)"]
[Site "Internet Chess Club"]
[Date "2022.07.23"]
[Round "2"]
[White "SHEEHAN, ETHAN THOMAS:Chessking2008"]
[Black "GUSEINOV, GADIR:GGuseinov"]
[Result "0-1"]
[ICCResult "White resigns"]
[WhiteElo "2255"]
[BlackElo "2718"]
[Opening "Sicilian: dragon, classical, 9.Nb3"]
[ECO "B74"]
[NIC "SI.25"]
[Time "14:05:07"]
[PlyCount "88"]
[TimeControl "1800+10"]

1. e4 c5 2. Nf3 d6 3. Nc3 Nf6 4. d4 cxd4 5. Nxd4 Nc6 6. Be2 g6 7. Be3 Bg7 8.
O-O O-O 9. Nb3 Be6 10. f4 Rc8 11. Qd2 a6 12. Bf3 Na5 13. Nxa5 Qxa5 14. Rfd1
Rfe8 15. Kh1 Rc4 16. h3 Rec8 17. Qf2 Nd7 18. Nd5 Bxd5 19. Rxd5 Qc7 20. c3 b5
21. a3 Nf6 22. Rd4 Nd7 23. Rd5 Rb8 24. Rad1 Nf6 25. R5d4 a5 26. e5 Ne8 27.
Bd5 Rxd4 28. cxd4 e6 29. Rc1 Qe7 30. Be4 Bf8 31. Rc6 a4 32. Qc2 Qh4 33. Kh2
Qd8 34. Bd3 Ng7 35. g4 h5 36. Kg3 dxe5 37. dxe5 b4 38. axb4 Bxb4 39. Be4
hxg4 40. hxg4 Be1+ 41. Kf3 Qh4 42. Rc8+ Rxc8 43. Qxc8+ Kh7 44. Qf8 Qh1+
{White resigns}
0-1

[Event "ICC tourney 2967 (30 10)"]
[Site "Internet Chess Club"]
[Date "2022.07.23"]
[Round "2"]
[White "LIANG, YU-CHENG:Yucheng"]
[Black "Nguyen, Hoa Duc:leoman"]
[Result "0-1"]
[ICCResult "White resigns"]
[WhiteElo "2038"]
[BlackElo "2475"]
[Opening "QGD semi-Slav: Meran variation"]
[ECO "D47"]
[NIC "SL.09"]
[Time "14:03:11"]
[PlyCount "70"]
[TimeControl "1800+10"]

1. d4 d5 2. c4 e6 3. Nc3 c6 4. e3 Nf6 5. Nf3 Nbd7 6. Bd3 dxc4 7. Bxc4 b5 8.
Bd3 Bd6 9. O-O O-O 10. b3 a6 11. Bb2 Bb7 12. a4 Qe7 13. Rc1 e5 14. Ne4 exd4
15. Nxd6 Qxd6 16. Nxd4 Ne5 17. Be2 Rfd8 18. Nf3 Nd3 19. Bxd3 Qxd3 20. Bxf6
Qxd1 21. Rfxd1 Rxd1+ 22. Rxd1 gxf6 23. Kf1 c5 24. Rc1 Rc8 25. axb5 axb5 26.
Ke2 Kf8 27. g3 Ke7 28. Nd2 Kd6 29. Kd3 Ra8 30. e4 Ra3 31. Kc2 Ra2+ 32. Kd3
Ba6 33. f4 c4+ 34. bxc4 bxc4+ 35. Nxc4+ Kc5 {White resigns} 0-1

[Event "ICC tourney 2967 (30 10)"]
[Site "Internet Chess Club"]
[Date "2022.07.23"]
[Round "2"]
[White "Li, Alex:AlexLi31415"]
[Black "ARUTLA, ADITYA:adiaru27"]
[Result "0-1"]
[ICCResult "White checkmated"]
[WhiteElo "1870"]
[BlackElo "1747"]
[Opening "Giuoco Pianissimo"]
[ECO "C55"]
[NIC "IG.01"]
[Time "14:00:18"]
[PlyCount "68"]
[TimeControl "1800+10"]

1. e4 e5 2. Nf3 Nc6 3. Bc4 Nf6 4. d3 Bc5 5. O-O O-O 6. Bg5 h6 7. Bh4 g5 8.
Bg3 d6 9. c3 Bg4 10. h3 Bh5 11. Nbd2 a5 12. a3 Bg6 13. b4 axb4 14. axb4 Bb6
15. Qb3 Qe8 16. Ra3 Rxa3 17. Qxa3 Kg7 18. Bb5 Nh5 19. Bh2 Nf4 20. Bxf4 gxf4
21. Nc4 f5 22. exf5 Rxf5 23. Nxb6 cxb6 24. Re1 Bh5 25. Nd4 Rg5 26. Bxc6 bxc6
27. Qa7+ Kh8 28. Qb7 Qg8 29. Ra1 Rxg2+ 30. Kh1 f3 31. Ra8 Be8 32. Nxf3 Rxf2
33. Nh4 Rf1+ 34. Kh2 Qg1# {White checkmated} 0-1

[Event "ICC tourney 2967 (30 10)"]
[Site "Internet Chess Club"]
[Date "2022.07.23"]
[Round "2"]
[White "HU, MERRIC:K09-14686967"]
[Black "TAO, SIHAN:K06-16931716"]
[Result "1-0"]
[ICCResult "Black resigns"]
[WhiteElo "2035"]
[BlackElo "1894"]
[Opening "Sicilian defense"]
[ECO "B20"]
[NIC "SI.48"]
[Time "14:00:48"]
[PlyCount "67"]
[TimeControl "1800+10"]

1. e4 c5 2. b3 Nc6 3. Bb2 d6 4. Bb5 Bd7 5. f4 e6 6. Nf3 Nf6 7. Qe2 g6 8. e5
dxe5 9. Bxc6 Bxc6 10. Nxe5 Rc8 11. O-O Bg7 12. f5 Qe7 13. fxg6 hxg6 14. Nxc6
Rxc6 15. Qe5 Rc8 16. Rxf6 Rh5 17. Qf4 Rf5 18. Rxf5 Bxb2 19. Qa4+ Kf8 20. Rf1
Bxa1 21. c3 Bb2 22. Qe4 c4 23. b4 Kg7 24. Qc2 Ba1 25. Na3 Qh4 26. Rxa1 Rh8
27. h3 Qg3 28. Nxc4 Rxh3 29. Qe4 Rh5 30. Rf1 b5 31. Ne3 Rh4 32. Qb7 Kh6 33.
Rxf7 Qh2+ 34. Kf2 {Black resigns} 1-0

[Event "ICC tourney 2967 (30 10)"]
[Site "Internet Chess Club"]
[Date "2022.07.23"]
[Round "2"]
[White "SARAFUDINOV, ANDREY:whyyoutrysohard"]
[Black "S.M, UMER:uncrackable"]
[Result "0-1"]
[ICCResult "White resigns"]
[WhiteElo "1507"]
[BlackElo "1812"]
[Opening "King's Indian: fianchetto, Kavalek (Bronstein) variation"]
[ECO "E60"]
[NIC "KI.74"]
[Time "14:00:21"]
[PlyCount "110"]
[TimeControl "1800+10"]

1. d4 Nf6 2. c4 g6 3. Nf3 Bg7 4. g3 d6 5. Bg2 O-O 6. O-O c6 7. Nc3 Qa5 8. e4
Qh5 9. Qd3 Bg4 10. Bf4 Nfd7 11. Nd2 c5 12. Be3 Nc6 13. f3 Bh3 14. d5 Bxg2
15. Kxg2 Nde5 16. Qe2 Nd4 17. Bxd4 cxd4 18. Nb5 d3 19. Qe3 Bh6 20. f4 Qxh2+
21. Kxh2 Ng4+ 22. Kh3 Nxe3 23. Rf3 Nc2 24. Rc1 a6 25. Nc3 b5 26. Rxd3 Nb4
27. Rf3 bxc4 28. Nxc4 f5 29. Re3 fxe4 30. Rxe4 Nd3 31. Rf1 Rac8 32. b3 Rc7
33. Re3 Nb4 34. a3 Nc2 35. Re4 Nxa3 36. Ra1 Nxc4 37. bxc4 Bg7 38. Ra3 Rfc8
39. Ne2 Ra8 40. Ra4 Kf7 41. Nd4 Bxd4 42. Rxd4 Rc5 43. Kg4 Kf6 44. Re4 a5 45.
Kf3 h5 46. g4 hxg4+ 47. Kxg4 Rh8 48. Re6+ Kf7 49. f5 gxf5+ 50. Kxf5 Rh4 51.
Re4 Rh6 52. Kf4 Rh3 53. Rd4 Kf6 54. Ke4 Rc8 55. Rxa5 Rch8 {White resigns}
0-1